 Dungeon Crawl Stone Soup version 0.20-a0-1020-g7b9e4fe (webtiles) character file.

8337 JeffiDaFish the Blocker (level 11, 0/67 HPs)
             Began as a Gargoyle Fighter on Apr 17, 2017.
             Was a Priest of Okawaru.
             Slain by Rupert
             ... wielding a +2 great mace of protection
              (3 damage)
             ... on level 3 of the Lair of Beasts on Apr 18, 2017.
             The game lasted 00:21:50 (9935 turns).

JeffiDaFish the Blocker (Gargoyle Fighter)          Turns: 9935, Time: 00:21:51

Health: 0/67       AC: 29    Str: 26    XL:     11   Next: 29%
Magic:  0/11       EV:  6    Int:  8    God:    Okawaru [***...]
Gold:   446        SH: 19    Dex: 12    Spells: 10/10 levels left

rFire    . . .     SeeInvis +   u - +0 morningstar
rCold    . . .     Gourm    .   h - +0 large shield
rNeg     + . .     Faith    .   m - +0 plate armour
rPois    ∞         Spirit   +   d - +0 helmet
rElec    +         Reflect  .   v - +0 cloak
rCorr    .         Harm     .   o - +2 pair of gloves
MR       .....                  (no boots)
Stlth    ..........             w - amulet of guardian spirit
Regen    0.3/turn               e - ring of see invisible
MPRegen  0.2/turn               r - +3 ring of protection

@: mighty
A: negative energy resistance 1, electricity resistance, unbreathing,
petrification resistance, rot immunity, AC +7
a: Heroism, Renounce Religion


You were on level 3 of the Lair of Beasts.
You worshipped Okawaru.
Okawaru was most pleased with you.
You were not hungry.

You visited 3 branches of the dungeon, and saw 13 of its levels.

You collected 446 gold pieces.

Inventory:

Hand Weapons
 u - a +0 morningstar (weapon)
Armour
 d - a +0 helmet (worn)
 h - a +0 large shield (worn)
 m - a +0 plate armour (worn)
 o - a +2 pair of gloves (worn)
 v - a +0 cloak (worn)
Jewellery
 e - a ring of see invisible (left hand)
 l - a +2 ring of evasion
 r - a +3 ring of protection (right hand)
 w - an amulet of guardian spirit (around neck)
Scrolls
 c - 5 scrolls of remove curse
 i - a scroll of magic mapping
 k - 4 scrolls of teleportation
 y - 3 scrolls of identify
Potions
 a - 3 potions of flight
 j - 2 potions of curing
 n - 2 potions of brilliance
 s - 2 potions of haste
Books
 q - a book of Air

   Spells                             Type                      Level
   a - Shock                          Conjuration/Air              1
   b - Swiftness                      Charms/Air                   2
   c - Static Discharge               Conjuration/Air              3
   d - Airstrike                      Air                          4
   e - Lightning Bolt                 Conjuration/Air              5
Comestibles
 b - 3 meat rations
 f - 6 bread rations
 g - 3 royal jellies
 t - 20 fruits


   Skills:
 + Level 7.2 Fighting
 + Level 10.0 Maces & Flails
 + Level 7.2 Armour
 + Level 2.6 Dodging
 + Level 0.5 Stealth
 + Level 12.1 Shields


You had 10 spell levels left.
You didn't know any spells.

Dungeon Overview and Level Annotations

Branches:
Dungeon (9/15)             Temple (1/1) D:7            Lair (3/6) D:8
 Shoals (0/4) Lair:3       Spider (0/4) Lair:2
    Orc: D:9-12

Altars:
Ashenzari
Cheibriados
Dithmenos
Elyvilon
Fedhas
Gozag
Hepliaklqana
Kikubaaqudgha
Makhleb
Nemelex Xobeh
Okawaru
Qazlal
Sif Muna
Uskayaw
Vehumet
Wu Jian
Xom
Zin
The Shining One

Shops:
D:8 }

Annotations:
Lair:2 exclusion: oklob plant
Lair:3 Rupert


Innate Abilities, Weirdness & Mutations

You are resistant to torment.
Your stone body is resilient. (AC +7)
You are immune to poison.
You resist negative energy. (rN+)
You are resistant to electric shocks. (rElec)
You can survive without breathing.
You are immune to petrification.
You are immune to rotting.


Message History

You block Rupert's attack.
Your shield prevents you from hitting Rupert.
Rupert is heavily wounded.
Rupert hits you but does no damage.
You sock Rupert!
Rupert is heavily wounded.
Rupert hits you with a great mace of protection!
* * * LOW HITPOINT WARNING * * *
You hit Rupert but do no damage.
Rupert is heavily wounded.
You block Rupert's attack.
Rupert hits you with a great mace of protection.
* * * LOW HITPOINT WARNING * * *
You impale Rupert!!
Rupert is severely wounded.
You block Rupert's attack.
You sock Rupert!
Rupert is severely wounded.
Rupert hits you with a great mace of protection.
You die...

### #.## ###
#########
##.#####.###.#.#.#.#
...................#
...P.....########..#
.##.......# #####.#
.###.....#####..##.##
..#......##....@@...#
..##.....###...P#..##
.#.#.....###.....+.#
..##......##....#...#
..##.....####.## #.##
.#.......P# #### #.#
.........P####.#.#.#
....................
..................


You could see Rupert (berserk).

Vanquished Creatures
  The ghost of theRoog the Cleaver, a journeyman MiBe of Trog (Lair:1)
  Pikel (D:6)
  A manticore (Lair:3)
  A spiny frog (Lair:2)
  4 komodo dragons
  Grinder (D:3)
  2 hippogriffs
  Sigmund (D:6)
  7 yaks (Lair:2)
  Eustachio (D:6)
  3 water moccasins (Lair:1)
  Duvessa (D:6)
  An orc warrior (D:6)
  2 sky beasts
  An ice beast (D:5)
  An ogre (D:5)
  A centaur (D:8)
  4 crocodiles
  5 bullfrogs
  A gnoll sergeant (D:6)
  Dowan (D:6)
  2 scorpions
  5 killer bees (D:8)
  6 wights
  3 howler monkeys
  4 crimson imps
  A bullfrog zombie (D:8)
  A jelly (D:5)
  3 bullfrog skeletons
  7 orc priests
  2 hounds
  2 iguanas
  3 orc wizards
  Natasha (D:3)
  Ijyb (D:4)
  6 worker ants
  A killer bee zombie (D:8)
  A howler monkey zombie (D:6)
  Robin (D:2)
  6 gnolls
  2 river rats (D:3)
  15 adders
  2 shadow imps (D:7)
  3 oozes
  An adder skeleton (D:8)
  3 worms
  A dart slug (D:1)
  2 leopard geckos
  21 orcs
  5 giant cockroaches
  12 goblins
  7 hobgoblins
  13 jackals
  4 quokkas
  7 bats
  11 kobolds
  A leopard gecko zombie (D:5)
  4 rats (D:1)
211 creatures vanquished.

Vanquished Creatures (others)
  2 slaves (D:6)
  2 centaurs (D:6)
  2 bullfrog skeletons (D:6)
  A hound (D:6)
  A jelly (D:6)
  A centaur skeleton (D:6)
  An orc wizard (D:6)
  2 gnolls (D:6)
  5 orcs (D:6)
  A giant cockroach (D:6)
  2 fungi (Lair:1)
  2 plants
22 creatures vanquished.

Grand Total: 233 creatures vanquished

Notes
Turn   | Place    | Note
-------+----------+-------------------------------------------
     0 | D:1      | JeffiDaFish the Gargoyle Fighter began the quest for the Orb.
     0 | D:1      | Reached XP level 1. HP: 14/14 MP: 1/1
   138 | D:1      | Reached XP level 2. HP: 19/19 MP: 2/2
   322 | D:1      | Reached skill level 4 in Shields
   326 | D:1      | Reached XP level 3. HP: 23/23 MP: 3/3
   911 | D:1      | Reached XP level 4. HP: 22/28 MP: 4/4
   927 | D:2      | Noticed Robin
   968 | D:2      | Killed Robin
  1572 | D:2      | Reached XP level 5. HP: 31/33 MP: 5/5
  1687 | D:2      | You fall through a shaft for 2 floors!
  1839 | D:2      | Reached skill level 1 in Dodging
  2389 | D:3      | Reached skill level 5 in Shields
  2573 | D:3      | Noticed Grinder
  2587 | D:3      | Killed Grinder
  2587 | D:3      | Reached XP level 6. HP: 27/38 MP: 6/6
  2629 | D:3      | Found an ornate altar of the Wu Jian Council.
  2711 | D:3      | Noticed Natasha
  2726 | D:3      | Killed Natasha
  3084 | D:4      | Reached XP level 7. HP: 43/43 MP: 7/7
  3113 | D:4      | Noticed Ijyb
  3129 | D:4      | Killed Ijyb
  3181 | D:4      | Reached skill level 6 in Shields
  3855 | D:5      | Entered Level 5 of the Dungeon
  4195 | D:5      | Reached skill level 5 in Maces & Flails
  4241 | D:5      | Reached skill level 7 in Shields
  4241 | D:5      | Reached XP level 8. HP: 35/48 MP: 6/8
  4396 | D:5      | Found a burning altar of Makhleb.
  4560 | D:5      | Found a sparkling altar of Nemelex Xobeh.
  4561 | D:5      | Found an ancient bone altar of Kikubaaqudgha.
  4561 | D:5      | Found a glowing silver altar of Zin.
  4728 | D:5      | Reached skill level 5 in Armour
  4897 | D:6      | Noticed Pikel
  4931 | D:6      | Killed Pikel
  4931 | D:6      | Reached skill level 5 in Fighting
  4931 | D:6      | Reached skill level 8 in Shields
  5257 | D:6      | Reached XP level 9. HP: 45/54 MP: 9/9
  5293 | D:6      | Noticed Sigmund
  5307 | D:6      | Killed Sigmund
  5326 | D:6      | Noticed Eustachio
  5345 | D:6      | Killed Eustachio
  5452 | D:6      | Reached skill level 9 in Shields
  5836 | D:6      | Noticed Duvessa
  5836 | D:6      | Noticed Dowan
  5846 | D:6      | Killed Duvessa
  5856 | D:6      | Killed Dowan
  7142 | D:7      | Found a staircase to the Ecumenical Temple.
  7253 | Temple   | Entered the Ecumenical Temple
  7263 | Temple   | Became a worshipper of Warmaster Okawaru
  7420 | D:8      | Found a staircase to the Lair.
  7447 | D:8      | Reached skill level 10 in Shields
  7557 | D:8      | Reached XP level 10. HP: 60/60 MP: 10/10
  7867 | D:8      | Found Lush's Gadget Shop.
  8091 | D:8      | Found a hide-covered altar of Uskayaw.
  8205 | Lair:1   | Entered Level 1 of the Lair of Beasts
  8217 | Lair:1   | Reached * piety under Okawaru
  8300 | Lair:1   | Noticed theRoog's ghost (journeyman MiBe)
  8339 | Lair:1   | Killed theRoog's ghost
  8478 | Lair:1   | Reached skill level 11 in Shields
  8716 | Lair:1   | You fall through a shaft!
  8749 | Lair:2   | Noticed an oklob plant
  8796 | Lair:2   | Reached ** piety under Okawaru
  8814 | Lair:2   | HP: 1/61 [yak (4)]
  8825 | Lair:2   | Reached XP level 11. HP: 13/66 MP: 1/11
  9141 | Lair:2   | Reached *** piety under Okawaru
  9267 | Lair:2   | Found a hole to the Spider Nest.
  9375 | Lair:2   | Reached skill level 12 in Shields
  9506 | Lair:2   | Reached skill level 10 in Maces & Flails
  9526 | Lair:3   | Found a staircase to the Shoals.
  9526 | Lair:3   | Noticed a manticore
  9540 | Lair:3   | Killed a manticore
  9762 | Lair:3   | Upgraded the game from 0.20-a0-1018-ge435b50 to 0.20-a0-1020-g7b9e4fe
  9912 | Lair:3   | Noticed Rupert
  9933 | Lair:3   | HP: 3/67 [Rupert/great mace of protection (4)]
  9935 | Lair:3   | Slain by Rupert

Vault maps used:
D:1:      dpeg_arrival_snail, hex_large, corner_web_ring, minivault_27
D:2:      uniq_robin
D:3:      old_standard_altar, portal_sewer_entry_b, uniq_natasha, uniq_grinder
D:4:      first_bread, uniq_iyjb
D:5:      kennysheep_mini_moat, minitemple
D:6:      uniq_duvessa, uniq_sigmund, uniq_pikel, uniq_eustachio
D:7:      temple_hall, nrook_uturn
D:8:      lemuel_round_altar, lair_entry_dummy, serial_shops,
          kennysheep_little_box
Temple:   nicolae_temple_x_marks_the_god
Lair:1:   hibernation_bobbens
Lair:2:   dummy_spider_entry, lemuel_fruit_tree, minmay_lair_oklob_chamber
Lair:3:   minmay_shoals_entry_beasts, uniq_rupert

Skill      XL: |  1  2  3  4  5  6  7  8  9 10 11 |
---------------+----------------------------------+-----
Shields        | 4 5 7 8 10 11 12 | 12.1
Maces & Flails | 3 4 5 6 7 9 10 | 10.0
Dodging        | 1 2 |  2.6
Armour         | 4 5 6 7 |  7.2
Fighting       | 4 5 6 7 |  7.2
Stealth        | |  0.5

Action                   |  1- 3 |  4- 6 |  7- 9 | 10-12 || total
-------------------------+-------+-------+-------+-------++-------
Melee: Flail             |   136 |   271 |   259 |       ||   666
       Morningstar       |       |       |   420 |   369 ||   789
  Use: Scroll            |     3 |     3 |     9 |     2 ||    17
       Potion            |     2 |     4 |     4 |     5 ||    15
  Eat: Chunk             |       |     8 |    16 |     8 ||    32
Armor: Scale mail        |    54 |       |       |       ||    54
       Chain mail        |    17 |   166 |   320 |       ||   503
       Plate armour      |       |       |    63 |   264 ||   327
Dodge: Dodged            |    23 |    36 |    96 |    66 ||   221
Block: Shield            |     6 |       |       |       ||     6
       Large shield      |   105 |   281 |   680 |   434 ||  1500
